 Dungeon Crawl Stone Soup version 0.28.0-45-g0d030f2227 (webtiles) character file.

Game seed: 5219486864463126924

214 H0rd4k the Magician (level 5, -1/28 HPs)
             Began as a Deep Elf Hedge Wizard on Mar 31, 2022.
             Was an Initiate of Gozag.
             Slain by an iguana (8 damage)
             ... on level 5 of the Dungeon.
             The game lasted 00:06:52 (5871 turns).

H0rd4k the Magician (Deep Elf Hedge Wizard)         Turns: 5871, Time: 00:06:52

Health: -1/28      AC:  2    Str:  7    XL:     5   Next: 60%
Magic:  10/15      EV: 12    Int: 21    God:    Gozag
Gold:   115        SH:  0    Dex: 14    Spells: 7/16 levels left

rFire   . . .      SeeInvis .   a - +0 dagger
rCold   . . .      Faith    .   (no shield)
rNeg    . . .      Spirit   .   b - +0 robe
rPois   .          Reflect  .   c - +0 hat
rElec   .          Harm     .   (no cloak)
rCorr   .          Rampage  .   (no gloves)
Will    .....                   (no boots)
Stlth   ++........              (no amulet)
HPRegen 0.09/turn               (no ring)
MPRegen 0.14/turn               (no ring)

@: very slightly contaminated
A: no striking features
a: Renounce Religion, Potion Petition, Call Merchant, Bribe Branch


You were on level 5 of the Dungeon.
You worshipped Gozag.
Gozag was aware of your devotion.
You visited 2 branches of the dungeon, and saw 6 of its levels.

You collected 172 gold pieces.
You paid 57 gold pieces to Gozag.

Inventory:

Hand Weapons
 a - a +0 dagger (weapon)
Armour
 b - a +0 robe (worn)
 c - a +0 hat (worn)
Magical Staves
 k - a staff of cold
Wands
 h - a wand of paralysis (11)
 i - a wand of iceblast (16)
Scrolls
 d - a scroll of immolation {unknown}
 e - 3 scrolls of teleportation {unknown}
 f - 3 scrolls of identify {unknown}
 l - a scroll of vulnerability {unknown}
 m - a scroll of amnesia {unknown}
 n - a scroll of fog {unknown}
Potions
 g - 4 potions of curing {unknown}
 j - 2 potions of haste {unknown}
 o - 2 potions of degeneration {unknown}
 p - a potion of cancellation {unknown}
 q - a potion of might {unknown}
 r - a potion of flight {unknown}


   Skills:
 + Level 2.8 Dodging
 - Level 2.4 Stealth
 + Level 6.3 Spellcasting
 + Level 3.0 Conjurations
 + Level 1.2 Summonings
 + Level 1.1 Translocations
 * Level 1.2 Fire Magic
 * Level 1.3 Air Magic
 * Level 2.2 Poison Magic


You had 7 spell levels left.
You knew the following spells:

 Your Spells              Type           Power      Damage    Failure   Level
a - Magic Dart            Conj           76%        1d6       2%          1
b - Blink                 Tloc           22%        N/A       9%          2
c - Conjure Flame         Conj/Fire      15%        6-21      12%         3
d - Mephitic Cloud        Conj/Pois/Air  15%        N/A       12%         3

Your spell library contained the following spells:

 Spells                   Type           Power      Damage    Failure   Level
 Call Imp                 Summ           11%        N/A       9%          2
 Slow                     Hex            24%        N/A       10%         1
 Ignite Poison            Fire/Tmut/Pois 11%        N/A       19%         3
 Summon Guardian Golem    Hex/Summ       9%         N/A       22%         3
 Sticky Flame             Conj/Fire      15%        2d4       36%         4
 Orb of Destruction       Conj           9%         9d6       100%        7
 Spellforged Servitor     Conj/Summ      7%         N/A       100%        7


Dungeon Overview and Level Annotations

Branches:
Dungeon (5/15)             Temple (1/1) D:5

Altars:
Ashenzari
Cheibriados
Dithmenos
Elyvilon
Fedhas
Gozag
Hepliaklqana
Qazlal
Ru
Trog
Uskayaw
Vehumet
Wu Jian
Xom
Yredelemnul
Zin
The Shining One

Annotations:
D:3 exclusion: downstairs, Grinder
D:4 exclusion: 2 downstairs
D:5 3 runed translucent doors


Message History

Casting: Magic Dart (safe; 2% risk of failure)
Confirm with . or Enter, or press ? or * to list all spells.
You blink.
The iguana bites you.
Casting: Blink (safe; 9% risk of failure)
Confirm with . or Enter, or press ? or * to list all spells.
You are still too unstable to blink.
A sky beast comes into view.
The iguana bites you!
Casting: Blink (safe; 9% risk of failure)
Confirm with . or Enter, or press ? or * to list all spells.
You are still too unstable to blink.
You feel stable enough to blink again. The iguana misses you.
Casting: Blink (safe; 9% risk of failure)
Confirm with . or Enter, or press ? or * to list all spells.
You blink.
There is an escape hatch in the floor here.
You feel stable enough to blink again.
Casting: Blink (safe; 9% risk of failure)
Confirm with . or Enter, or press ? or * to list all spells.
You blink.
You feel stable enough to blink again.
A water moccasin comes into view.
Casting: Blink (safe; 9% risk of failure)
Confirm with . or Enter, or press ? or * to list all spells.
The spell is quite dangerous to miscast (12% risk of failure)!
Continue anyway?
The fire begins to smoulder!
The fire ignites!
The iguana closely misses you.
You closely miss the iguana. The water moccasin misses you.
The iguana bites you! The water moccasin bites you.
* * * LOW HITPOINT WARNING * * *
Casting: Conjure Flame (quite dangerous; 12% risk of failure)
Confirm with . or Enter, or press ? or * to list all spells.
You miscast Blink.
You are very lightly contaminated with residual magic.
Nothing appears to happen.
The iguana bites you!
You die...
Your body crumbles into a pile of gold.

.. .. . ##### .# ##
.....###+##.#...
............'... .
#........#.....
....#+#.S..#.........
#....@#.###.......#
#...##l.###.......#
#..##...##........#
#.##....##........#
#.###.>..#........#
#.###.....#.......#
##+###+##..#...##.........#
..............####..##....#
.....$.........####.##....#


You could see a water moccasin and an iguana.

Vanquished Creatures
  An iguana (D:4)
  2 hound skeletons
  4 gnolls (D:3)
  5 adders
  An adder skeleton (D:4)
  A dart slug (D:2)
  2 worms
  3 orcs
  6 ball pythons
  3 endoplasms
  5 giant cockroaches
  2 goblins
  7 hobgoblins
  4 jackals (D:4)
  9 kobolds
  4 quokkas
  4 frilled lizards
  9 rats
72 creatures vanquished.

Notes
Turn   | Place    | Note
-------+----------+-------------------------------------------
     0 | D:1      | H0rd4k the Deep Elf Hedge Wizard began the quest for the
                  | Orb.
     0 | D:1      | Reached XP level 1. HP: 10/10 MP: 7/7
   423 | D:1      | Reached XP level 2. HP: 15/15 MP: 3/9
   528 | D:1      | Reached skill level 5 in Spellcasting
  1630 | D:2      | Found a faded altar of an unknown god.
  1645 | D:2      | Reached XP level 3. HP: 19/19 MP: 6/11
  1648 | D:2      | Learned a level 2 spell: Blink
  1652 | D:2      | Learned a level 3 spell: Conjure Flame
  1656 | D:2      | Learned a level 3 spell: Mephitic Cloud
  2976 | D:3      | Reached XP level 4. HP: 24/24 MP: 4/13
  3206 | D:3      | Noticed Grinder
  3297 | D:3      | Found a broken altar of Ashenzari.
  3608 | D:3      | Reached skill level 6 in Spellcasting
  3883 | D:4      | Noticed a +0 hand axe
  3883 | D:4      | Noticed a +0 hand axe
  4007 | D:4      | Reached skill level 1 in Air Magic
  4253 | D:4      | Reached skill level 1 in Poison Magic
  4253 | D:4      | Reached XP level 5. HP: 13/28 MP: 1/15
  4548 | D:4      | Reached skill level 1 in Fire Magic
  4667 | D:4      | Found a hide-covered altar of Uskayaw.
  4919 | D:5      | Entered Level 5 of the Dungeon
  4931 | D:5      | Found a runed translucent gate.
  4932 | D:5      | Found a runed translucent gate.
  4935 | D:5      | Found a runed translucent gate.
  5707 | D:5      | Found a staircase to the Ecumenical Temple.
  5720 | Temple   | Entered the Ecumenical Temple
  5768 | Temple   | Became a worshipper of Gozag Ym Sagoz the Greedy
  5830 | D:5      | Noticed a sky beast
  5865 | D:5      | Noticed a water moccasin
  5871 | D:5      | Slain by an iguana

Illustrated notes

Levels and vault maps discovered:
D:1:      mrwooster_arrival_arrow, layout_basic, hex_medium
D:2:      layout_loops_corners, shapermc_ecumenical_altar_mp_highgroup
D:3:      layout_loops_ring, evilmike_ruin_ashenzari, grunt_ministairs_8,
          uniq_grinder
D:4:      layout_rooms, dancing_weapons_uskayaw
D:5:      layout_gridville, minmay_temple_entry_wispy, gammafunk_ghost_icy,
          grunt_decor_mini_mirrors, uniq_sigmund
Temple:   compressed_dpeg_circular_temple

Skill      XL: |  1  2  3  4  5 |
---------------+----------------+-----
Spellcasting   | 5 6 |  6.3
Conjurations   | 2 3 |  3.0
Air Magic      | 1 |  1.3
Poison Magic   | 1 2 |  2.2
Fire Magic     | 1 |  1.2
Dodging        | |  2.8
Stealth        | |  2.4
Summonings     | |  1.2
Translocations | |  1.1

Action                   |  1- 3 |  4- 6 || total
-------------------------+-------+-------++-------
Melee: Dagger            |     6 |     1 ||     7
 Cast: Magic Dart        |   134 |   143 ||   277
       Conjure Flame     |     1 |     4 ||     5
       Blink             |     1 |     6 ||     7
Armor: Robe              |     4 |     4 ||     8
Dodge: Dodged            |    34 |    24 ||    58
